 Dungeon Crawl Stone Soup version 0.30-a0-389-g8d7d949f56 (webtiles) character file.

Game seed: 3061125642818278579

503 nimms the Ruffian (level 6, 0/56 HPs)
             Began as a Minotaur Berserker on Dec 3, 2022.
             Was a Priest of Trog.
             Succumbed to a scorpion's poison
             ... on level 6 of the Dungeon.
             The game lasted 00:19:18 (1481 turns).

nimms the Ruffian (Minotaur Berserker)              Turns: 1481, Time: 00:19:19

Health: 0/56       AC:  9    Str: 23 (24) XL:     6   Next: 96%
Magic:  5/5        EV:  8    Int:  3 (4)  God:    Trog [***...]
Gold:   229        SH:  0    Dex:  6 (9)  Spells: 5/5 levels left

rFire   . . .      SeeInvis .      - Unarmed
rCold   . . .      Faith    .    (no shield)
rNeg    . . .      Spirit   .    k - +0 chain mail
rPois   .          Reflect  .    (helmet restricted)
rElec   .          Harm     .    (no cloak)
rCorr   .          Rampage  .    (no gloves)
Will    .....                    (no boots)
Stlth   ..........               (no amulet)
HPRegen 0.29/turn                l - ring of flight
MPRegen 0.09/turn                m - ring of flight

@: brilliant, lethally poisoned (0 -> -4), on berserk cooldown, flying, slowed,
studying Axes, very slow
A: horns 2, retaliatory headbutt
a: Renounce Religion, Berserk, Trog's Hand


You were on level 6 of the Dungeon.
You worshipped Trog.
Trog was most pleased with you.
You visited 1 branch of the dungeon, and saw 6 of its levels.
You also visited: Ossuary.

You collected 229 gold pieces.

Inventory:

Missiles
 n - 2 curare-tipped darts (quivered)
Armour
 a - a +0 animal skin
 i - a +0 scale mail
 k - a +0 chain mail (worn)
Jewellery
 l - a ring of flight (left hand)
 m - a ring of flight (right hand)
 r - an amulet of magic regeneration
Scrolls
 b - a scroll of brand weapon
 e - 2 scrolls of fear
 j - a scroll of poison
 s - a scroll of magic mapping
 u - a scroll of identify
Potions
 c - a potion of haste {unknown}
 g - 2 potions of brilliance
 h - 2 potions of degeneration
 o - a potion of curing {unknown}
 p - a potion of magic {unknown}
 q - 2 potions of mutation {unknown}
 t - 2 potions of might {unknown}
 v - 2 potions of attraction {unknown}


   Skills:
 + Level 5.1 Fighting
 + Level 4.5 Armour
 + Level 3.3 Dodging
 + Level 0.1 Stealth
 + Level 6.5 Unarmed Combat


You had 5 spell levels left.
You didn't know any spells.
Your spell library was empty.

Dungeon Overview and Level Annotations

Branches:
Dungeon (6/15)            Ossuary (visited)
 Temple: D:4-7

Altars:
Elyvilon
Yredelemnul
The Shining One


Innate Abilities, Weirdness & Mutations

You have a pair of horns on your head.
You reflexively headbutt those who attack you in melee.


Message History

You hit the orc.
You kill the orc!
Trog accepts your kill.
You feel sick.
You barely miss the scorpion.
You feel sick. The scorpion stings you.
You barely miss the scorpion.
You punch the scorpion, but do no damage.
You feel sick. The scorpion closely misses you. The scorpion barely misses you.
You furiously retaliate!
You headbutt the scorpion! The acid dragon spits acid at you.
The splash of acid hits you!
* * * LOW HITPOINT WARNING * * *
You feel sick.
You are no longer poisoned.
The orc wizard mumbles some strange words.
The orc wizard flickers and vanishes!
Deactivating autopickup; reactivate with Ctrl-A.
The scorpion stings you but does no damage.
You hear an angry hiss.
You closely miss the scorpion.
The scorpion is heavily wounded.
The scorpion stings you but does no damage. x2
You punch the scorpion!
You punch the scorpion, but do no damage.
The scorpion is almost dead.
The scorpion misses you.
You closely miss the scorpion.
The scorpion is almost dead.
The scorpion stings you.
* * * LOW HITPOINT WARNING * * *
You are lethally poisoned!
The scorpion poisons you!
The scorpion stings you but does no damage.
An adder comes into view.
* * * LOW HITPOINT WARNING * * *
You feel very sick.
The scorpion stings you but does no damage.
You closely miss the scorpion.
The scorpion is almost dead.
You die...

*,*,,,*,,,*...#,..*****,***,**,*
*,,*,,,*,,,#...#..* *,,,,,,,,*
*,,,*,,,*,,,#...#.* *,,,,,*,,*
*,,*,,,*,,,#...#..##***,*,***,,*
*,*,,,*,,,*...#D..S.,,,,,,,,,,,*
*,,,,,,,,,,,,.....o####.#.**,,**
****,***,**#,**#..{.......,,,,,*
*,**..###.#####D#*,***,,,*,**
*,,,.........@s.#*,****,,*,*
****#############*,,,,,,,*,*
*,****,**,* *,,,,,,**** *,******
*,* ***


You could see an acid dragon and a scorpion.

Vanquished Creatures
  A phantom (D:4)
  An elf zombie (Ossuary)
  A howler monkey (D:5)
  A centaur zombie (Ossuary)
  A jelly (D:5)
  An orc priest (D:3)
  2 iguanas (D:5)
  2 mummies (Ossuary)
  3 adders
  2 shadow imps (D:4)
  A white imp (D:4)
  4 ufetubi
  A worm (D:2)
  5 orcs
  8 ball pythons
  5 endoplasms
  A goblin (D:2)
  3 hobgoblins
  7 jackals
  A quokka (D:4)
  2 bats
  2 frilled lizards
  A goblin zombie (Ossuary)
  9 hobgoblin zombies (Ossuary)
  3 jackal zombies (Ossuary)
  3 kobolds
  11 kobold zombies (Ossuary)
  10 orc zombies (Ossuary)
  5 rats
97 creatures vanquished.

Vanquished Creatures (others)
  5 demonic plants (D:4)
  8 plants (D:6)
13 creatures vanquished.

Grand Total: 110 creatures vanquished

Notes
Turn   | Place    | Note
-------+----------+-------------------------------------------
     0 | D:1      | nimms the Minotaur Berserker began the quest for the Orb.
     0 | D:1      | Reached XP level 1. HP: 19/19 MP: 0/0
   181 | D:1      | You fall into a shaft and drop 1 floor!
   199 | D:2      | Reached XP level 2. HP: 18/27 MP: 1/1
   293 | D:2      | Found a white marble altar of Elyvilon.
   371 | D:3      | Reached skill level 4 in Unarmed Combat
   371 | D:3      | Reached XP level 3. HP: 34/34 MP: 2/2
   444 | D:3      | Reached XP level 4. HP: 41/41 MP: 3/3
   478 | D:3      | Reached ** piety under Trog
   685 | D:4      | Noticed a phantom
   701 | D:4      | Killed a phantom
   702 | D:4      | Reached XP level 5. HP: 36/47 MP: 4/4
   750 | D:4      | Found a glowing golden altar of the Shining One.
   771 | D:4      | Reached skill level 5 in Unarmed Combat
   958 | D:5      | Entered Level 5 of the Dungeon
   988 | D:5      | Reached skill level 5 in Fighting
  1027 | D:5      | Reached XP level 6. HP: 28/56 MP: 5/5
  1059 | D:5      | Found a basalt altar of Yredelemnul.
  1116 | D:5      | Found a sand-covered staircase.
  1121 | Ossuary  | Entered an ossuary
  1189 | Ossuary  | Reached *** piety under Trog
  1256 | Ossuary  | Reached skill level 6 in Unarmed Combat
  1472 | D:6      | Noticed an acid dragon
  1480 | D:6      | HP: 2/56 [poisoned by a scorpion]
  1481 | D:6      | Succumbed to a scorpion's poison

Illustrated notes

Levels and vault maps discovered:
D:1:      kilobyte_arrival_exit_the_forest, layout_loops_ring
D:2:      layout_basic, basic_altar, kennysheep_pointless_box,
          amcnicky_mini_pool_small, grunt_decor_mini_mirrors,
          minmay_three_crescents
D:3:      layout_basic
D:4:      layout_loops_ring, mainiacjoe_overflow_brackets, serial_demonic,
          serial_demonic_c, serial_demonic_f, serial_demonic_c,
          serial_demonic_f, kennysheep_generic_room_13
D:5:      layout_basic, yredelemnul_altar_generic,
          lightli_ossuary_entry_decrepit_ruins, grunt_decor_clamped
D:6:      cheibrodos_fzero, layout_basic, fedhas_altar_decomposition,
          gammafunk_temple_overflow_statue, uniq_edmund, uniq_maggie

Skill      XL: |  1  2  3  4  5  6 |
---------------+-------------------+-----
Fighting       | 4 5 |  5.1
Armour         | 3 4 |  4.5
Unarmed Combat | 4 5 6 |  6.5
Dodging        | 3 |  3.3
Stealth        | |  0.1

Action                   |  1- 3 |  4- 6 || total
-------------------------+-------+-------++-------
Melee: Unarmed           |    43 |   167 ||   210
       Headbutt          |     6 |    20 ||    26
       Punch             |     2 |     3 ||     5
Invok: Berserk           |     2 |     3 ||     5
       Trog's Hand       |       |     1 ||     1
  Use: Scroll            |       |     7 ||     7
       Potion            |       |     2 ||     2
Armor: Animal skin       |     2 |       ||     2
       Scale mail        |     6 |       ||     6
       Chain mail        |     5 |    80 ||    85
Dodge: Dodged            |    22 |    69 ||    91

Table legend: (Time is in decaauts)
 A = Elapsed time spent in this place.
 B = Non-inter-level travel time spent in this place.
 C = Inter-level travel time spent in this place.
 D = Time resting spent in this place.
 E = Time spent auto-exploring this place.
 F = Levels seen in this place.
 G = Mean time per level.
                   A        B        C        D        E       F      G
               +--------+--------+--------+--------+--------+-----+--------+
         Total |   1500 |    646 |    854 |      0 |      9 |   7 |  214.3 |
       Dungeon |   1259 |    405 |    854 |      0 |      9 |   6 |  209.8 |
       Ossuary |    240 |    240 |      0 |      0 |      0 |   1 |  240.0 |
               +--------+--------+--------+--------+--------+-----+--------+

Top non-repeatable levels by time:
     D:4: 311 daAuts
     D:3: 290 daAuts
     D:5: 249 daAuts
 Ossuary: 240 daAuts
     D:2: 183 daAuts
     D:1: 182 daAuts
     D:6: 42 daAuts
